AoeStats
← ktor

Arabia

510131755Analyzed
1v1 RM · 3d ago on Sep 29, 2026· 43m 52s· 2 players
Game mode
Random Map
Map size
Tiny (2 player)
Population
200
Speed
Normal
Resources
Standard
Victory
Conquest
Starting age
Dark Age
Ending age
Imperial Age
RankedLock teamsTeams togetherTeam positionsShared explorationLock speedFull tech treeHidden civsTurbo modeCheats
Victory
Defeat
🇦🇷 Byzantines · Argentina
1011
+15
🇨🇿 Goths · Czechia
1000
-45
ktor
11:33 Feudal Age
12:06 Double-Bit Axe
14:15 Loom
15:08 Wheelbarrow
15:45 Fletching
16:07 Forging
15:59 Scale Mail Armor
22:27 Castle Age
22:57 Man-at-Arms
23:32 Fletching
25:31 Bodkin Arrow
31:25 Squires
33:03 Stone Mining
33:39 Pikeman
34:52 Bow Saw
35:12 Gold Mining
38:31 Iron Casting
41:32 Elite Skirmisher
|FMG|Sebas_Stark
8:15 Loom
10:28 Feudal Age
11:07 Double-Bit Axe
11:03 Horse Collar
16:04 Fletching
20:40 Wheelbarrow
23:33 Castle Age
24:17 Crossbowman
24:54 Bodkin Arrow
25:52 Bow Saw
31:00 Scale Barding Armor
31:07 Forging
32:31 Husbandry
31:52 Light Cavalry
32:56 Chain Barding Armor
34:39 Stone Mining
37:27 Imperial Age
37:32 Hand Cart
41:09 Two-Man Saw
40:48 Plate Barding Armor
41:53 Conscription
43:28 Iron Casting
Connection lost

Rejoining the realm…

Still unreachable

The connection could not be restored.

Session expired

The server has moved on; the page needs a fresh start.